 Dungeon Crawl Stone Soup version 0.30-a0-241-g1121274140 (webtiles) character file.

Game seed: 3064757968548976350

24206 mitchisshort the Protected (level 12, -2/108 HPs)
             Began as a Minotaur Gladiator on Oct 10, 2022.
             Was a High Priest of Okawaru.
             Splashed by a brown ugly thing's acid (7 damage)
             ... on level 13 of the Dungeon.
             The game lasted 00:58:52 (17934 turns).

mitchisshort the Protected (Minotaur Gladiator)    Turns: 17934, Time: 00:58:52

Health: -2/108     AC: 11    Str: 22    XL:     12   Next: 78%
Magic:  20/20      EV: 13    Int:  5    God:    Okawaru [*****.]
Gold:   770        SH:  0    Dex: 26    Spells: 11/11 levels left

rFire   + + .      SeeInvis +    E - +8 double sword of Wizximn {freeze, rElec rF+ rC+ Dex+3}
rCold   + . .      Faith    +    (no shield)
rNeg    . . .      Spirit   .    y - +2 chain mail of a Labyrinth {Dex+3 SInv}
rPois   +          Reflect  .    c - +0 hat
rElec   +          Harm     .    T - +0 cloak
rCorr   .          Rampage  .    S - +0 pair of gloves of the Playwright {rPois rF+ MP+9}
Will    .....                    A - +0 pair of boots
Stlth   ..........               K - amulet of faith
HPRegen 0.38/turn                G - ring of poison resistance
MPRegen 0.17/turn                F - +6 ring of dexterity

@: corroded
A: horns 2, retaliatory headbutt
a: Renounce Religion, Heroism, Finesse, Duel


You were on level 13 of the Dungeon.
You worshipped Okawaru.
Okawaru was extremely pleased with you.
You visited 1 branch of the dungeon, and saw 13 of its levels.

You collected 1134 gold pieces.
You spent 364 gold pieces at shops.

Inventory:

Hand Weapons
 a - a +0 war axe
 f - the +7 captain's cutlass {speed, disarm}
   (You acquired it on level 6 of the Dungeon)

   Attacks with this weapon are significantly faster.
   It may disarm weapon-wielding foes when striking them, dealing extra damage
   in the process.
 h - a +0 whip of venom
 E - the +8 double sword of Wizximn (weapon) {freeze, rElec rF+ rC+ Dex+3}
   (You found it on level 12 of the Dungeon)

   It freezes those it strikes, dealing additional cold damage.
   It can also slow down cold-blooded creatures.
   Dex:       It affects your dexterity (+3).
   rF:        It protects you from fire.
   rC:        It protects you from cold.
   rElec:     It insulates you from electricity.
 I - a +4 scimitar of flaming
 J - a +2 halberd of freezing
 O - a +0 scimitar of holy wrath
Missiles
 d - 4 throwing nets (quivered)
 e - a javelin
 H - 6 silver javelins
 M - 17 large rocks
 N - 2 atropa-tipped darts
Armour
 c - a +0 hat (worn)
 l - +0 ice dragon scales
 x - a +2 leather armour of cold resistance
 y - the +2 chain mail of a Labyrinth (worn) {Dex+3 SInv}
   (You found it on level 4 of the Dungeon)

   Dex:       It affects your dexterity (+3).
   SInv:      It lets you see invisible.
 A - a +0 pair of boots (worn)
 C - the +1 robe of the Five of Pentacles {rN+}
   (You found it on level 5 of the Dungeon)

   rN:        It protects you from negative energy.
 S - the +0 pair of gloves of the Playwright (worn) {rPois rF+ MP+9}
   (Okawaru gifted it to you on level 10 of the Dungeon)

   rF:        It protects you from fire.
   rPois:     It protects you from poison.
   MP:        It affects your magic capacity (+9).
 T - a +0 cloak (worn)
 Y - the -1 buckler of Fortitude {Harm}
   (Okawaru gifted it to you on level 11 of the Dungeon)

   Harm:      It increases damage dealt and taken.
Jewellery
 i - a ring of ice
 F - a +6 ring of dexterity (right hand)
 G - a ring of poison resistance (left hand)
 K - an amulet of faith (around neck)
Wands
 j - a wand of mindburst (4)
 n - a wand of flame (15)
 w - a wand of iceblast (4)
Scrolls
 b - 2 scrolls of torment
 g - 2 scrolls of amnesia
 m - 3 scrolls of fog
 o - a scroll of enchant armour
 p - 3 scrolls of noise
 q - a scroll of summoning {unknown}
 r - 2 scrolls of enchant weapon
 t - a scroll of vulnerability
 z - a scroll of poison {unknown}
 P - a scroll of brand weapon
 R - 2 scrolls of magic mapping {unknown}
 U - a scroll of silence {unknown}
 W - a scroll of fear {unknown}
 X - a scroll of blinking
Potions
 k - 2 potions of cancellation
 s - 2 potions of brilliance
 u - 2 potions of flight {unknown}
 v - a potion of attraction {unknown}
 B - a potion of might
 D - 3 potions of lignification
 L - 3 potions of ambrosia {unknown}
 Q - 2 potions of heal wounds
Miscellaneous
 V - a piece from Xom's chessboard (15/15)


   Skills:
 + Level 10.7 Fighting
 + Level 8.0(10.5) Short Blades
 + Level 11.6(12.8) Long Blades
 + Level 11.1 Axes
 + Level 2.3 Throwing
 + Level 13.4 Armour
 + Level 6.1 Dodging
 + Level 1.8 Stealth
 + Level 2.3 Shields
 + Level 0.2 Invocations
 + Level 3.3 Evocations


You had 11 spell levels left.
You didn't know any spells.
Your spell library contained the following spells:

 Spells                   Type           Power      Damage    Failure   Level
 Beastly Appendage        Tmut           0%         N/A       95%         1
 Kiss of Death            Conj/Necr      0%         2d5       95%         1
 Shock                    Conj/Air       0%         1d3       95%         1
 Cigotuvi's Dreadful Rot  Necr/Pois/Air  0%         N/A       99%         2
 Wereblood                Tmut           0%         N/A       99%         2
 Confusing Touch          Hex            0%         N/A       100%        3
 Ignite Poison            Fire/Tmut/Pois 0%         N/A       100%        3
 Kindle Blastsparks       Fire/Tloc/Air  0%         2d10      100%        3
 Spider Form              Tmut/Pois      0%         N/A       100%        3
 Swiftness                Air            0%         N/A       100%        3
 Airstrike                Air            0%         2d(0-16)  100%        4
 Anguish                  Hex/Necr       0%         N/A       100%        4
 Dispel Undead            Necr           0%         3d6       100%        4
 Fulminant Prism          Conj/Hex       0%         3d6       100%        4
 Iskenderun's Mystic Bla  Conj/Tloc      0%         2d3       100%        4
 Sticky Flame             Conj/Fire      0%         2d3       100%        4
 Freezing Cloud           Conj/Ice/Air   0%         6-21      100%        5
 Lee's Rapid Deconstruct  Erth           0%         3d5*      100%        5
 Enfeeble                 Hex            0%         N/A       100%        7
 Ignition                 Fire           0%         3d3       100%        8
 Call Canine Familiar     Summ           Unusable   N/A       N/A         3
 Summon Guardian Golem    Hex/Summ       Unusable   N/A       N/A         3
 Death Channel            Necr           Unusable   N/A       N/A         6
 Summon Horrible Things   Summ           Unusable   N/A       N/A         8

Dungeon Overview and Level Annotations

Branches:
Dungeon (13/15)            Temple (0/1) D:6            Lair (0/5) D:10
    Orc: D:9-12      Vaults: D:13-14

Altars:
Elyvilon
Fedhas
Kikubaaqudgha
Okawaru
Qazlal
Ru
Trog
Vehumet
Wu Jian
Yredelemnul

Shops:
D:6 *   D:12 !

Annotations:
D:10 2 transporters, exclusion: oklob plant, freelancePsychic's ghost, novice TeWn
D:12 Rupert


Innate Abilities, Weirdness & Mutations

You have a pair of horns on your head.
You reflexively headbutt those who attack you in melee.


Message History

Your headbutt misses the vampire mosquito.
The vampire mosquito is heavily damaged.
The vampire mosquito bites you but does no damage. x2
You closely miss the vampire mosquito.
Your headbutt misses the vampire mosquito.
The vampire mosquito is moderately damaged.
The vampire mosquito bites you but does no damage.
The brown ugly thing tail-slaps you.
You are splashed with acid!
The vampire mosquito closely misses you.
You hit the vampire mosquito but do no damage.
The vampire mosquito is moderately damaged.
The vampire mosquito bites you but does no damage.
The brown ugly thing tail-slaps you but does no damage.
Unknown command.
You slice the vampire mosquito!! You freeze the vampire mosquito.
You destroy the vampire mosquito!
Okawaru accepts your kill.
The brown ugly thing tail-slaps you but does no damage.
The brown ugly thing tail-slaps you.
You are splashed with acid!
* * * LOW HITPOINT WARNING * * *
You see here a vampire mosquito corpse.
The brown ugly thing tail-slaps you!
* * * LOW HITPOINT WARNING * * *
The acid corrodes you!
You are splashed with acid!
* * * LOW HITPOINT WARNING * * *
Things that are here:
a vampire mosquito corpse; a vampire mosquito corpse You slash the brown ugly thing!
You freeze the brown ugly thing.
The brown ugly thing is heavily wounded.
The brown ugly thing barely misses you.
You slash the brown ugly thing! You freeze the brown ugly thing.
You headbutt the brown ugly thing! Your punch misses the brown ugly thing.
The brown ugly thing is almost dead.
The brown ugly thing tail-slaps you but does no damage.
You barely miss the brown ugly thing.
The brown ugly thing is almost dead.
The brown ugly thing tail-slaps you!
* * * LOW HITPOINT WARNING * * *
You are splashed with acid!
You die...

#...# #.#
........
#...# #.#
###...#.
#...# #.#
#.#... #####
#.# #.....
#.# ### ..
#.# ... ##
#.###.#
#.#...#
#.@.###
##.u...#
#..†.#.#
#.#..# #
#..#....#
...###.......
.#.> .......
. #.. .......
#. #######


You could see a brown ugly thing.

Vanquished Creatures
  Harold (D:9)
  The ghost of SirDiesAlot the Convoker, a journeyman TeFE of Dithmenos (D:12)
  2 hydras
  Erica (D:9)
  A two-headed ogre (D:9)
  A manticore (D:8)
  An ugly thing (D:11)
  Maurice (D:10)
  4 cyclopes
  4 centaur skeletons (D:11)
  A gargoyle (D:11)
  3 unseen horrors
  A kobold demonologist (D:12)
  2 polar bears (D:12)
  A spectral meliai (D:11)
  A spectral black mamba (D:11)
  11 flying skulls (D:11)
  3 centaur simulacra (D:12)
  A vampire (D:11)
  4 shadows
  A wyvern (D:8)
  8 wraiths
  15 yaks
  A steam dragon (D:7)
  Eustachio (D:4)
  11 vampire mosquitoes
  A basilisk (D:11)
  6 wargs (D:11)
  6 orc warriors
  3 sky beasts
  5 ice beasts
  A black bear (D:7)
  3 boulder beetle simulacra (D:11)
  2 black mamba simulacra (D:11)
  A wolf (D:12)
  2 ogres (D:4)
  6 centaurs
  3 phantoms
  5 kobold brigands
  4 necrophages (D:5)
  6 bullfrogs
  10 killer bees
  8 electric eels
  7 howler monkeys
  4 hounds
  2 jellies
  11 orc priests
  Jessica (D:2)
  Ijyb (D:4)
  Natasha (twice) (D:2)
  An iguana (D:6)
  2 hell rats (D:11)
  A boggart skeleton (D:11)
  18 orc wizards
  A boggart simulacrum (D:11)
  4 gnolls (D:2)
  4 adders
  2 white imps (D:12)
  An ufetubus (D:12)
  4 worms
  A dart slug (D:2)
  22 orcs
  11 ball pythons
  7 endoplasms
  4 giant cockroaches
  16 goblins
  10 hobgoblins
  8 bats
  3 frilled lizards
  16 kobolds
  4 rats
322 creatures vanquished.

Vanquished Creatures (others)
  Robin (D:2)
  16 plants
17 creatures vanquished.

Grand Total: 339 creatures vanquished

Notes
Turn   | Place    | Note
-------+----------+-------------------------------------------
     0 | D:1      | mitchisshort the Minotaur Gladiator began the quest for the
                  | Orb.
     0 | D:1      | Reached XP level 1. HP: 18/18 MP: 0/0
   206 | D:1      | Reached XP level 2. HP: 22/25 MP: 1/1
  1146 | D:2      | Reached XP level 3. HP: 30/30 MP: 2/2
  1230 | D:2      | Reached skill level 1 in Armour
  1285 | D:2      | Noticed Jessica
  1536 | D:2      | Noticed Natasha
  1541 | D:2      | Killed Natasha
  1573 | D:2      | Reached XP level 4. HP: 37/37 MP: 3/3
  1684 | D:2      | Noticed Robin
  1694 | D:2      | Killed Robin
  1695 | D:2      | Reached skill level 2 in Armour
  1738 | D:2      | Noticed Natasha
  1750 | D:2      | Killed Natasha
  2016 | D:2      | Killed Jessica
  2017 | D:2      | Reached skill level 5 in Axes
  2017 | D:2      | Reached XP level 5. HP: 22/42 MP: 4/4
  2515 | D:2      | Reached skill level 3 in Armour
  2856 | D:3      | Found an ornate altar of the Wu Jian Council.
  2973 | D:3      | Found a radiant altar of Vehumet.
  3139 | D:3      | Found a sacrificial altar of Ru.
  3237 | D:3      | Found a blossoming altar of Fedhas.
  3808 | D:4      | Reached XP level 6. HP: 46/51 MP: 5/5
  4049 | D:4      | Noticed Ijyb
  4051 | D:4      | Noticed Eustachio
  4061 | D:4      | Noticed a sky beast
  4061 | D:4      | Killed Ijyb
  4066 | D:4      | Killed Eustachio
  4067 | D:4      | Reached skill level 1 in Evocations
  4067 | D:4      | Reached XP level 7. HP: 33/57 MP: 6/6
  4071 | D:4      | Reached skill level 4 in Armour
  4496 | D:4      | Identified the +2 chain mail of a Labyrinth {Dex+3 SInv}
  4726 | D:5      | Entered Level 5 of the Dungeon
  4739 | D:5      | Found a basalt altar of Yredelemnul.
  4832 | D:5      | Reached skill level 5 in Armour
  4939 | D:5      | Identified the +1 robe of the Five of Pentacles {rN+}
  5121 | D:5      | Reached XP level 8. HP: 65/67 MP: 7/7
  5353 | D:5      | Reached skill level 6 in Armour
  5492 | D:5      | Found a white marble altar of Elyvilon.
  5801 | D:6      | Reached skill level 5 in Fighting
  5869 | D:6      | Found an iron altar of Okawaru.
  5876 | D:6      | Became a worshipper of Warmaster Okawaru
  5917 | D:6      | Found a stormy altar of Qazlal.
  6113 | D:6      | Reached skill level 10 in Axes
  6159 | D:6      | Found a staircase to the Ecumenical Temple.
  6438 | D:6      | Found Zuir's CLEARANCE SALE!.
  6460 | D:6      | Identified a scroll of acquirement
  6461 | D:6      | Acquired the +7 captain's cutlass {speed, disarm}
  6461 | D:6      | Found the +7 captain's cutlass {speed, disarm}
  6691 | D:7      | Reached XP level 9. HP: 75/75 MP: 8/8
  6716 | D:7      | Reached skill level 7 in Armour
  7099 | D:7      | Reached skill level 1 in Short Blades
  7167 | D:7      | Reached * piety under Okawaru
  7736 | D:7      | Reached skill level 8 in Armour
  7896 | D:7      | Reached ** piety under Okawaru
  8200 | D:8      | Found a flagged portal.
  8236 | D:8      | Reached skill level 9 in Armour
  8241 | D:8      | Noticed a manticore
  8505 | D:8      | Killed a manticore
  8506 | D:8      | Reached skill level 5 in Short Blades
  8506 | D:8      | Reached XP level 10. HP: 47/86 MP: 9/9
  8532 | D:8      | Reached skill level 5 in Dodging
  9313 | D:9      | Noticed Erica
  9332 | D:9      | Killed Erica
  9332 | D:9      | Reached *** piety under Okawaru
  9333 | D:9      | Reached skill level 10 in Armour
  9761 | D:9      | Noticed a two-headed ogre
  9767 | D:9      | Killed a two-headed ogre
 10302 | D:9      | Noticed Harold
 10302 | D:9      | Noticed a cyclops
 10312 | D:9      | Killed a cyclops
 10313 | D:9      | Reached skill level 1 in Long Blades
 10318 | D:9      | Killed Harold
 10318 | D:9      | Received a gift from Okawaru
 10318 | D:9      | Reached **** piety under Okawaru
 10630 | D:9      | Found a bloodstained altar of Trog.
 10712 | D:9      | Reached XP level 11. HP: 88/94 MP: 10/10
 11380 | D:10     | Entered Level 10 of the Dungeon
 11403 | D:10     | Reached skill level 5 in Long Blades
 11763 | D:10     | Reached skill level 11 in Armour
 11790 | D:10     | Noticed a two-headed ogre
 11791 | D:10     | Noticed a tengu warrior
 11795 | D:10     | Noticed freelancePsychic's ghost (novice TeWn)
 11819 | D:10     | Found a bloodstained altar of Trog.
 11863 | D:10     | Found a transporter.
 11867 | D:10     | Found a transporter.
 12082 | D:10     | Found a staircase to the Lair.
 12085 | D:10     | Noticed an oklob plant
 12186 | D:10     | Noticed Maurice
 12194 | D:10     | Killed Maurice
 12346 | D:10     | Noticed a five-headed hydra
 12431 | D:10     | Killed a two-headed hydra
 12431 | D:10     | Reached ***** piety under Okawaru
 12744 | D:10     | Identified the +0 pair of gloves of the Playwright {rPois
                  | rF+ MP+9} (Okawaru gifted it to you on level 10 of the
                  | Dungeon)
 12744 | D:10     | Received a gift from Okawaru
 13071 | D:11     | Noticed a green ugly thing
 13087 | D:11     | Killed a green ugly thing
 13395 | D:11     | You fall into a shaft and drop 1 floor!
 13395 | D:12     | Found Zaloagol's Distillery.
 13396 | D:12     | Bought a potion of heal wounds for 70 gold pieces
 13396 | D:12     | Bought a potion of curing for 42 gold pieces
 13396 | D:12     | Bought a potion of heal wounds for 70 gold pieces
 13396 | D:12     | Bought a potion of curing for 42 gold pieces
 13396 | D:12     | Bought a potion of heal wounds for 70 gold pieces
 13396 | D:12     | Bought a potion of berserk rage for 70 gold pieces
 13950 | D:11     | Reached skill level 12 in Armour
 13956 | D:11     | Reached skill level 1 in Stealth
 14259 | D:11     | Reached XP level 12. HP: 52/104 MP: 11/11
 14721 | D:11     | Identified the -1 buckler of Fortitude {Harm} (Okawaru
                  | gifted it to you on level 11 of the Dungeon)
 14721 | D:11     | Received a gift from Okawaru
 15115 | D:11     | Reached skill level 10 in Long Blades
 15275 | D:11     | Found an ancient bone altar of Kikubaaqudgha.
 15294 | D:11     | Got the Vademecum on Cold and the Entourage
 15541 | D:11     | Reached skill level 10 in Fighting
 15807 | D:12     | Reached skill level 1 in Shields
 16493 | D:12     | Reached skill level 13 in Armour
 16516 | D:12     | Found a runed translucent gate.
 16516 | D:12     | Found a runed translucent gate.
 16516 | D:12     | Found a runed translucent gate.
 16517 | D:12     | Noticed a nine-headed hydra
 16518 | D:12     | Noticed SirDiesAlot's ghost (journeyman TeFE)
 16520 | D:12     | Noticed a 13-headed hydra
 16550 | D:12     | Killed an 11-headed hydra
 16551 | D:12     | Noticed a five-headed hydra
 16553 | D:12     | Noticed an eight-headed hydra
 16966 | D:12     | Noticed a four-headed hydra
 16968 | D:12     | Noticed an eight-headed hydra
 16977 | D:12     | Noticed a four-headed hydra
 16978 | D:12     | Noticed a four-headed hydra
 16984 | D:12     | Noticed a seven-headed hydra
 16986 | D:12     | Noticed a four-headed hydra
 17491 | D:12     | Identified the +8 double sword of Wizximn {freeze, rElec
                  | rF+ rC+ Dex+3}
 17540 | D:12     | Noticed Rupert
 17552 | D:12     | Noticed a five-headed hydra
 17567 | D:12     | Killed SirDiesAlot's ghost
 17871 | D:13     | Received a gift from Okawaru
 17934 | D:13     | HP: 5/108 [brown ugly thing (7)]
 17934 | D:13     | Splashed by a brown ugly thing's acid

Illustrated notes

Levels and vault maps discovered:
D:1:      minmay_arrival_four_circles, layout_basic, minmay_tiny_reverse_x
D:2:      layout_loops_corners, uniq_robin, uniq_jessica, uniq_natasha
D:3:      layout_loops_corners, fedhas_ov_isle_minmay, lemuel_doored_altar,
          mainiacjoe_overflow_alcove_2, mainiacjoe_overflow_catwalk
D:4:      layout_basic, hangedman_decor_riveting, uniq_eustachio, uniq_ijyb
D:5:      layout_basic, kennysheep_ying_yang
D:6:      layout_loops_ring, mainiacjoe_overflow_chevrons,
          mainiacjoe_overflow_six_doors_small, minmay_temple_entry_proselytizer,
          nicolae_shop_clearance
D:7:      layout_rooms, nrook_mini_backslash, chequers_serial_rivers_micro_e
D:8:      layout_basic, enter_bailey_5
D:9:      layout_basic, lemuel_tele_altar, kennysheep_small_square, uniq_harold,
          uniq_erica
D:10:     cheibrodos_two_vegetables, layout_basic, dpeg_oklobed_lair,
          gammafunk_ghost_wrathful_warriors, uniq_maurice
D:11:     lemuel_vampire_tower, layout_gridville
D:12:     layout_irregular_city, erik_orc_4, serial_shops, nicolae_shop_crystal,
          serial_ice, serial_ice_i, serial_ice_h, serial_ice_d, serial_ice_o,
          gammafunk_ghost_hydra_chop, uniq_sonja, uniq_rupert
D:13:     minmay_outward_triangles, layout_basic, serial_shops,
          nicolae_shop_overgrown_old_shop, minmay_misc_feat_more_columns,
          uniq_erolcha

Skill      XL: |  1  2  3  4  5  6  7  8  9 10 11 12 |
---------------+-------------------------------------+-----
Axes           | 4 5 6 7 8 10 11 | 11.1
Armour         | 1 2 3 5 6 9 10 12 13 | 13.4
Dodging        | 4 5 6 |  6.1
Fighting       | 3 4 5 7 9 10 | 10.7
Evocations     | 1 2 3 |  3.3
Short Blades   | 5 8 |  8.0
Long Blades    | 3 9 11 | 11.6
Stealth        | 1 |  1.8
Shields        | 2 |  2.3
Throwing       | |  2.3
Invocations    | |  0.2

Action                   |  1- 3 |  4- 6 |  7- 9 | 10-12 || total
-------------------------+-------+-------+-------+-------++-------
Melee: War axe           |    45 |    93 |   113 |       ||   251
       Headbutt          |     9 |    17 |    51 |   119 ||   196
       Punch             |       |     4 |     3 |     4 ||    11
       Cutlass           |       |       |   116 |    63 ||   179
       Scimitar          |       |       |       |   384 ||   384
       Double sword      |       |       |       |    46 ||    46
Invok: Heroism           |       |       |       |     2 ||     2
Evoke: Wand              |       |     8 |    10 |    26 ||    44
  Use: Scroll            |     1 |     1 |    13 |    11 ||    26
       Potion            |       |     1 |     2 |    12 ||    15
Armor: Leather armour    |    10 |       |       |       ||    10
       Plate armour      |    21 |   100 |    11 |       ||   132
       Chain mail        |       |       |   154 |   420 ||   574
Dodge: Dodged            |    46 |    57 |   155 |   447 ||   705
Block: Buckler           |       |       |       |    30 ||    30

Table legend: (Time is in decaauts)
 A = Elapsed time spent in this place.
 B = Non-inter-level travel time spent in this place.
 C = Inter-level travel time spent in this place.
 D = Time resting spent in this place.
 E = Time spent auto-exploring this place.
 F = Levels seen in this place.
 G = Mean time per level.
                   A        B        C        D        E       F      G
               +--------+--------+--------+--------+--------+-----+--------+
         Total |  18013 |  17892 |    121 |   7304 |   4559 |  13 | 1385.6 |
       Dungeon |  18013 |  17892 |    121 |   7304 |   4559 |  13 | 1385.6 |
               +--------+--------+--------+--------+--------+-----+--------+

Top non-repeatable levels by time:
    D:11: 2702 daAuts
     D:9: 2110 daAuts
    D:12: 1878 daAuts
    D:10: 1697 daAuts
     D:2: 1545 daAuts
     D:7: 1475 daAuts
     D:1: 1143 daAuts
     D:8: 1094 daAuts
     D:4: 1061 daAuts
     D:5: 1032 daAuts
     D:3: 1027 daAuts
     D:6: 905 daAuts
    D:13: 338 daAuts
